 Dungeon Crawl Stone Soup version 0.20.0-15-g7f486f2 (webtiles) character file.

20520 vishdafish the Cleaver (level 12, -23/63 HPs)
             Began as a Vine Stalker Fighter on June 25, 2017.
             Was a High Priest of Okawaru.
             Killed from afar by a tengu reaver (35 damage)
             ... with a bolt of magma
             ... on level 11 of the Dungeon.
             The game lasted 00:39:15 (10467 turns).

vishdafish the Cleaver (Vine Stalker Fighter)      Turns: 10467, Time: 00:39:15

Health: -23/63     AC: 18    Str: 22    XL:     12   Next: 80%
Magic:  0/22       EV:  9    Int: 15    God:    Okawaru [*****.]
Gold:   787        SH: 11    Dex: 16    Spells: 22/24 levels left

rFire    . . .     SeeInvis +   a - +0 war axe
rCold    . . .     Gourm    .   c - +0 shield
rNeg     + . .     Faith    .   Z - +2 chain mail {rN+}
rPois    .         Spirit   +   n - +2 hat
rElec    .         Reflect  .   L - +0 cloak
rCorr    .         Harm     .   (no gloves)
MR       +....     NoTele   +   A - +1 pair of boots {run}
Stlth    ..........             y - amulet of magic regeneration
Regen    1.0/turn               T - ring "Utic" {-Tele AC+1 Int+7}
MPRegen  0.3/turn               o - ring of see invisible

@: quick
A: fangs 3, regeneration 2, magic shield, antimagic bite, no potion heal 3, rot
immunity
a: Heroism, Finesse, Renounce Religion


You were on level 11 of the Dungeon.
You worshipped Okawaru.
Okawaru was extremely pleased with you.
You were not hungry.

You visited 2 branches of the dungeon, and saw 13 of its levels.

You collected 847 gold pieces.
You spent 60 gold pieces at shops.

Inventory:

Hand Weapons
 a - a +0 war axe (weapon)
 p - a +0 morningstar
 q - a +0 hunting sling of flaming
Missiles
 x - 97 sling bullets (quivered)
Armour
 c - a +0 shield (worn)
 g - a +2 pair of boots
 n - a +2 hat (worn)
 A - a +1 pair of boots of running (worn)
 L - a +0 cloak (worn)
 Z - a +2 chain mail of positive energy (worn)
Jewellery
 o - a ring of see invisible (right hand)
 y - an amulet of magic regeneration (around neck)
 N - an uncursed ring of positive energy
 T - the ring "Utic" (left hand) {-Tele AC+1 Int+7}
   (You found it on level 10 of the Dungeon)

   [ring of protection]

   It affects your AC (+1).
   It affects your intelligence (+7).
   It prevents most forms of teleportation.
Wands
 j - a wand of random effects (17/48)
 F - a wand of disintegration (13/24)
Scrolls
 d - 2 scrolls of amnesia
 e - a scroll of holy word {unknown}
 m - a scroll of magic mapping
 C - 3 scrolls of remove curse
 P - 4 scrolls of immolation
 S - 3 scrolls of fear {unknown}
 U - 2 scrolls of enchant weapon {unknown}
 Y - 2 scrolls of fog {unknown}
Potions
 b - a potion of might
 h - 2 potions of brilliance
 i - 5 potions of heal wounds
 k - 4 potions of agility
 l - 4 potions of lignification
 s - 3 potions of cancellation
 t - 2 potions of ambrosia
 u - 2 potions of magic
 D - a potion of flight {unknown}
 G - a potion of degeneration
 Q - a potion of curing {unknown}
 V - a potion of invisibility {unknown}
Books
 v - a book of Spatial Translocations

   Spells                             Type                      Level
   a - Blink                          Translocation                2
   b - Shroud of Golubria             Charms/Translocation         2
   c - Lesser Beckoning               Translocation                3
   d - Gell's Gravitas                Translocation                3
   e - Teleport Other                 Translocation                3
   f - Passage of Golubria            Translocation                4
 w - a Necronomicon

   Spells                             Type                      Level
   a - Haunt                          Necromancy/Summoning         7
   b - Borgnjor's Revivification      Necromancy                   8
   c - Death's Door                   Charms/Necromancy            8
   d - Infestation                    Necromancy                   8
   e - Necromutation                  Transmutation/Necromancy     8
 H - a book of Necromancy

   Spells                             Type                      Level
   a - Pain                           Necromancy                   1
   b - Animate Skeleton               Necromancy                   1
   c - Vampiric Draining              Necromancy                   3
   d - Regeneration                   Charms/Necromancy            3
   e - Animate Dead                   Necromancy                   4
   f - Control Undead                 Necromancy                   4
 I - a Young Poisoner's Handbook

   Spells                             Type                      Level
   a - Sting                          Conjuration/Poison           1
   b - Poisonous Vapours              Poison/Air                   2
   c - Mephitic Cloud                 Conjuration/Poison/Air       3
   d - Olgreb's Toxic Radiance        Poison                       4
   e - Venom Bolt                     Conjuration/Poison           5
 M - a book of Clouds

   Spells                             Type                      Level
   a - Poisonous Vapours              Poison/Air                   2
   b - Mephitic Cloud                 Conjuration/Poison/Air       3
   c - Conjure Flame                  Conjuration/Fire             3
   d - Freezing Cloud                 Conjuration/Ice/Air          6
   e - Ring of Flames                 Charms/Fire                  7
 R - a book of Party Tricks

   Spells                             Type                      Level
   a - Summon Butterflies             Summoning                    1
   b - Apportation                    Translocation                1
   c - Lesser Beckoning               Translocation                3
   d - Tukima's Dance                 Hexes                        3
   e - Alistair's Intoxication        Transmutation/Poison         5
   f - Invisibility                   Hexes                        6
Comestibles
 f - 13 bread rations
 r - 5 royal jellies
 z - 6 meat rations
 E - 4 fruits


   Skills:
 + Level 7.4 Fighting
 + Level 11.7(11.8) Axes
 + Level 1.2(7.7) Maces & Flails
 - Level 0.6 Slings
 + Level 5.2 Armour
 + Level 4.7 Dodging
 - Level 2.7 Stealth
 + Level 7.8 Shields
 - Level 6.6 Spellcasting
 * Level 4.5 Translocations
 * Level 3.6 Invocations
 - Level 0.1 Evocations


You had 22 spell levels left.
You knew the following spells:

 Your Spells              Type           Power        Failure   Level  Hunger
a - Blink                 Tloc           N/A          54%         2    #......


Dungeon Overview and Level Annotations

Branches:
Dungeon (12/15)            Temple (1/1) D:6            Lair (0/6) D:10
    Orc (0/2) D:11

Altars:
Ashenzari
Cheibriados
Dithmenos
Elyvilon
Fedhas
Gozag
Hepliaklqana
Kikubaaqudgha
Makhleb
Nemelex Xobeh
Okawaru
Qazlal
Ru
Sif Muna
Trog
Uskayaw
Vehumet
Xom
Yredelemnul
Zin
The Shining One

Shops:
D:4 :   D:6 ?   D:10 *


Innate Abilities, Weirdness & Mutations

You have razor-sharp teeth.
You heal very quickly.
When hurt, damage is shared between your health and your magic reserves.
Your bite disrupts and absorbs the magic of your enemies.
Potions cannot restore your health.
You are immune to rotting.


Message History

The tengu reaver claws you but does no damage.
You closely miss the tengu reaver.
You bite the tengu reaver, but do no damage.
The tengu reaver is heavily wounded.
You block the tengu reaver's attack. The tengu reaver pecks you.
* * * LOW HITPOINT WARNING * * *
The tengu reaver claws you but does no damage.
You miss the tengu reaver.
The tengu reaver is heavily wounded.
You barely miss the tengu reaver.
The tengu reaver is heavily wounded.
The tengu reaver closely misses you. You block the tengu reaver's attack.
The tengu reaver claws you.
* * * LOW HITPOINT WARNING * * *
You completely miss the tengu reaver.
The tengu reaver is heavily wounded.
The tengu reaver points at you and mumbles some strange words.
The bolt of magma hits you!
Ouch! That really hurt!
You die...

#..>..............#
#.###############.#
###.#############.#.#
#.................#.#
#################.#.#
#.#.# #.#.#
########.#.#######
#@................
#Q######.#........
#.# #.######### #.#
#.# #
##.######.#########
#..................
#.....###..........
#.....#############
##.............# #


You could see a tengu reaver.

Vanquished Creatures
  3 hydras
  A centaur warrior (D:9)
  3 two-headed ogres
  A deep troll earth mage (D:12)
  An unseen horror (D:10)
  A phantasmal warrior (D:11)
  An ugly thing (D:11)
  4 cyclopes (D:12)
  A centaur skeleton (D:11)
  A gargoyle (D:9)
  A troll (D:12)
  A merfolk (D:9)
  2 hippogriffs
  A wyvern (D:8)
  20 yaks
  A hungry ghost (D:10)
  An acid dragon (D:9)
  2 black bears
  4 sky beasts
  The ghost of ZomBoFoB the Cudgeler, an amateur OgGl (D:3)
  5 ice beasts
  11 orc warriors
  A necrophage (D:12)
  5 ogres
  3 phantoms
  3 centaurs
  2 crocodiles (D:12)
  8 big kobolds
  8 bullfrogs
  6 killer bees (D:9)
  4 scorpions
  4 wights (D:9)
  7 howler monkeys
  7 crimson imps
  3 centaur zombies
  5 hounds
  2 quasits
  A jelly (D:8)
  10 orc priests
  16 orc wizards
  Crazy Yiuf (D:6)
  An iguana (D:10)
  13 worker ants
  A hound zombie (D:10)
  14 gnolls
  11 adders
  2 shadow imps
  An ooze (D:3)
  A worm (D:4)
  2 dart slugs (D:1)
  5 leopard geckos
  62 orcs
  3 ball pythons
  5 bats
  5 giant cockroaches
  8 hobgoblins
  4 quokkas
  3 frilled lizards
  9 goblins
  2 goblin skeletons (D:7)
  2 hobgoblin zombies (D:7)
  43 kobolds
  A kobold skeleton (D:7)
  A leopard gecko skeleton (D:4)
  3 orc skeletons (D:7)
  An orc zombie (D:7)
  7 rats
  3 fungi (D:6)
376 creatures vanquished.

Vanquished Creatures (others)
  6 plants (D:10)
6 creatures vanquished.

Grand Total: 382 creatures vanquished

Notes
Turn   | Place    | Note
-------+----------+-------------------------------------------
     0 | D:1      | vishdafish the Vine Stalker Fighter began the quest for the Orb.
     0 | D:1      | Reached XP level 1. HP: 11/11 MP: 2/2
   101 | D:1      | Reached XP level 2. HP: 14/16 MP: 3/3
   634 | D:2      | Reached XP level 3. HP: 18/19 MP: 4/4
   644 | D:2      | Reached skill level 2 in Axes
  1026 | D:2      | Gained mutation: Your natural rate of healing is unusually fast. [Vine Stalker growth]
  1026 | D:2      | Reached XP level 4. HP: 21/23 MP: 5/5
  1261 | D:3      | Reached XP level 5. HP: 19/28 MP: 4/6
  1263 | D:3      | Reached skill level 3 in Axes
  1466 | D:3      | Found a snail-covered altar of Cheibriados.
  1625 | D:3      | Noticed ZomBoFoB's ghost (amateur OgGl)
  1639 | D:3      | Killed ZomBoFoB's ghost
  1639 | D:3      | Reached XP level 6. HP: 32/32 MP: 5/7
  1806 | D:3      | Noticed a phantom
  1828 | D:3      | Killed a phantom
  1828 | D:3      | Reached skill level 4 in Axes
  1997 | D:3      | Learned a level 2 spell: Blink
  2040 | D:4      | Reached XP level 7. HP: 33/36 MP: 8/8
  2121 | D:4      | Reached skill level 1 in Dodging
  2175 | D:4      | Reached skill level 1 in Spellcasting
  2258 | D:4      | Found Tubuim's Book Boutique.
  2723 | D:5      | Entered Level 5 of the Dungeon
  2748 | D:5      | Reached skill level 5 in Axes
  2903 | D:5      | Found an opulent altar of Gozag.
  2972 | D:5      | Gained mutation: You have razor-sharp teeth. [Vine Stalker growth]
  2972 | D:5      | Reached XP level 8. HP: 41/41 MP: 11/11
  3262 | D:5      | Reached skill level 6 in Axes
  3267 | D:5      | Reached skill level 5 in Shields
  3750 | D:6      | Found a staircase to the Ecumenical Temple.
  3764 | Temple   | Entered the Ecumenical Temple
  3779 | Temple   | Became a worshipper of Warmaster Okawaru
  3881 | D:6      | Reached XP level 9. HP: 44/45 MP: 14/14
  4121 | D:6      | Found Qosasm's Magic Scroll Emporium.
  4132 | D:6      | Bought a scroll of teleportation for 36 gold pieces
  4132 | D:6      | Bought a scroll of identify for 24 gold pieces
  4144 | D:6      | Found a glowing silver altar of Zin.
  4196 | D:6      | Found a stormy altar of Qazlal.
  4433 | D:6      | Found a runed door.
  4437 | D:6      | Noticed Crazy Yiuf
  4442 | D:6      | Killed Crazy Yiuf
  4489 | D:7      | Reached * piety under Okawaru
  4489 | D:7      | Reached skill level 7 in Axes
  4583 | D:7      | Found a glowing golden altar of the Shining One.
  5142 | D:8      | Got a silken robe
  5153 | D:8      | Identified the +2 robe "Losoesarch" {rF+ Str+4 Int-4 Stlth+} (You found it on level 8 of the Dungeon)
  5217 | D:8      | Found a bloodstained altar of Trog.
  5320 | D:8      | Found a hide-covered altar of Uskayaw.
  5457 | D:8      | HP: 2/46 [orc warrior/battleaxe (8)]
  5461 | D:8      | Reached ** piety under Okawaru
  5549 | D:8      | Reached skill level 8 in Axes
  5549 | D:8      | Reached skill level 5 in Spellcasting
  5766 | D:9      | Reached XP level 10. HP: 50/51 MP: 18/18
  5857 | D:9      | Reached skill level 5 in Fighting
  5924 | D:9      | Reached skill level 1 in Stealth
  6090 | D:9      | Reached *** piety under Okawaru
  6124 | D:9      | Noticed a centaur warrior
  6211 | D:9      | Noticed a gargoyle
  6217 | D:9      | Killed a gargoyle
  6217 | D:9      | Reached skill level 9 in Axes
  6228 | D:9      | Found a basalt altar of Yredelemnul.
  6240 | D:9      | Found a glowing silver altar of Zin.
  6334 | D:9      | Reached **** piety under Okawaru
  6412 | D:9      | Reached XP level 11. HP: 50/56 MP: 21/21
  6468 | D:9      | Killed a centaur warrior
  6643 | D:9      | Reached skill level 10 in Axes
  7070 | D:10     | Entered Level 10 of the Dungeon
  7118 | D:10     | Noticed an unseen horror
  7133 | D:10     | Killed an unseen horror
  7133 | D:10     | Reached ***** piety under Okawaru
  7279 | D:10     | Found Svasuseg's Superlative Supplies.
  7340 | D:10     | Reached skill level 1 in Translocations
  7426 | D:10     | Received a gift from Okawaru
  7464 | D:10     | Noticed a two-headed ogre
  7469 | D:10     | Killed a two-headed ogre
  7512 | D:10     | Got a scintillating silver ring
  7514 | D:10     | Identified the ring "Utic" {-Tele AC+1 Int+7} (You found it on level 10 of the Dungeon)
  7542 | D:10     | Found a staircase to the Lair.
  7658 | D:11     | Noticed a five-headed hydra
  7965 | D:11     | Noticed a purple ugly thing
  7983 | D:11     | Killed a purple ugly thing
  8092 | D:11     | Killed a six-headed hydra
  8092 | D:11     | Reached skill level 11 in Axes
  8386 | D:11     | Gained mutation: You heal very quickly. [Vine Stalker growth]
  8386 | D:11     | Reached XP level 12. HP: 60/62 MP: 22/22
  8525 | D:11     | Noticed a two-headed ogre
  8533 | D:11     | Killed a two-headed ogre
  8533 | D:11     | Reached skill level 1 in Invocations
  9051 | D:11     | Found a staircase to the Orcish Mines.
  9610 | D:12     | Noticed an eight-headed hydra
  9870 | D:12     | Killed a nine-headed hydra
  9950 | D:12     | Noticed a deep troll earth mage
  9964 | D:12     | Killed a deep troll earth mage
  9964 | D:12     | Reached skill level 5 in Armour
 10027 | D:12     | Noticed a two-headed ogre
 10027 | D:12     | Noticed a six-headed hydra
 10076 | D:11     | Killed a six-headed hydra
 10076 | D:11     | Reached skill level 1 in Maces & Flails
 10129 | D:12     | Killed a two-headed ogre
 10309 | D:12     | Received a gift from Okawaru
 10364 | D:12     | Identified a +1 pair of boots of running (Okawaru gifted it to you on level 12 of the Dungeon)
 10384 | D:12     | Noticed a tengu reaver
 10467 | D:11     | Killed from afar by a tengu reaver

Skill      XL: |  1  2  3  4  5  6  7  8  9 10 11 12 |
---------------+-------------------------------------+-----
Shields        | 3 4 5 6 7 |  7.8
Axes           | 2 3 4 5 6 8 9 11 | 11.7
Armour         | 3 4 5 |  5.2
Fighting       | 3 4 5 6 7 |  7.4
Dodging        | 1 2 4 |  4.7
Spellcasting   | 1 3 5 6 |  6.6
Stealth        | 1 2 |  2.7
Translocations | 3 4 |  4.5
Invocations    | 3 |  3.6
Maces & Flails | 1 |  1.2
Slings         | |  0.6
Evocations     | |  0.1

Action                   |  1- 3 |  4- 6 |  7- 9 | 10-12 || total
-------------------------+-------+-------+-------+-------++-------
Melee: War axe           |   113 |   128 |   358 |   661 ||  1260
       Bite              |    24 |    29 |   116 |   290 ||   459
       Morningstar       |       |       |       |    12 ||    12
 Fire: Hunting sling     |       |    14 |    38 |    16 ||    68
Invok: Heroism           |       |       |       |     1 ||     1
Evoke: Wand              |       |       |       |     5 ||     5
  Use: Potion            |       |     2 |     1 |     6 ||     9
       Scroll            |       |       |    11 |     9 ||    20
 Stab: Sleeping          |       |       |     1 |     4 ||     5
  Eat: Bread ration      |     1 |       |     1 |     3 ||     5
       Meat ration       |       |       |     1 |       ||     1
       Chunk             |       |       |     2 |     5 ||     7
       Royal jelly       |       |       |       |     1 ||     1
Armor: Scale mail        |    63 |    62 |   117 |       ||   242
       Skin              |       |     7 |       |       ||     7
       Robe              |       |       |     6 |    77 ||    83
       Chain mail        |       |       |       |   165 ||   165
Dodge: Dodged            |    42 |    51 |   138 |   263 ||   494
Block: Shield            |    76 |    72 |   201 |   397 ||   746
